 Dungeon Crawl Stone Soup version 0.15-a0-809-g8e1b895 (console) character file.

6971 PlasticSurgery the Grappler (level 10, -6/96 HPs)
             Began as a Troll Monk on May 13, 2014.
             Was a High Priest of Okawaru.
             Mangled by a black mamba (17 damage)
             ... on Level 4 of the Lair of Beasts.
             The game lasted 00:17:08 (3066 turns).

PlasticSurgery the Grappler (Troll Monk)            Turns: 3066, Time: 00:17:09

HP  -6/96        AC  5     Str 24      XL: 10   Next: 81%
MP  10/12        EV 18     Int  6      God: Okawaru [*****.]
Gold 175         SH  0     Dex 15      Spells:  0 memorised,  9 levels left

rFire  . . .     SeeInvis .       - Unarmed
rCold  . . .     Clarity  .     k - +0 robe
rNeg   . . .     Conserve .     (shield restricted)
rPois  .         rCorr    .     (helmet restricted)
rElec  .         rRot     .     n - -1 cloak
SustAb . .       Spirit   .     (gloves unavailable)
rMut   .         Warding  .     (boots unavailable)
Gourm  +         Stasis   .     y - cursed amulet of rage
MR     .....                    g - cursed ring of wizardry
                                e - +3 ring of strength

@: heroism, not resistant to hostile enchantments, fairly stealthy
A: unfitting armour, claws 3, fast metabolism 3, gourmand, regeneration 2,
saprovore 2, shaggy fur 1, tough skin 2
a: Heroism, Finesse, Renounce Religion, Evoke Berserk Rage


You were on level 4 of the Lair of Beasts.
You worshipped Okawaru.
Okawaru was extremely pleased with you.
You were not hungry.

You visited 3 branches of the dungeon, and saw 14 of its levels.

You collected 175 gold pieces.

Inventory:

Hand weapons
 w - a +0 blowgun
 L - a +1,+2 flail of protection
Missiles
 M - 2 large rocks (quivered)
Armour
 a - a +0 robe
 k - a +0 robe (worn)
 n - a -1 cloak (worn)
 x - a +0 robe
 E - a +0 robe
Magical devices
 I - a wand of disintegration (9) {unknown}
Comestibles
 b - 2 meat rations
 u - a bread ration
Scrolls
 h - a scroll of noise {unknown}
 i - 3 scrolls of identify {unknown}
 l - a scroll of amnesia {unknown}
 m - 2 scrolls of random uselessness {unknown}
 o - a scroll of recharging {unknown}
 p - 2 scrolls of magic mapping {unknown}
 v - a scroll of immolation {unknown}
 B - 3 scrolls of remove curse {unknown}
 H - 2 scrolls of blinking {unknown}
 J - a scroll of silence {unknown}
Jewellery
 e - a +3 ring of strength (left claw)
 g - a cursed ring of wizardry (right claw)
 y - a cursed amulet of rage (around neck)
 C - an uncursed ring of ice
 F - a +3 ring of intelligence
 K - an uncursed amulet of resist corrosion {unknown}
Potions
 c - 3 potions of heal wounds {unknown}
 f - a potion of might {unknown}
 j - a potion of porridge
 s - 3 potions of agility {unknown}
 t - a potion of brilliance {unknown}
 z - 2 potions of haste {unknown}
 D - a potion of confusion {unknown}
 G - 2 potions of poison {unknown}


   Skills:
 * Level 5.2(10.2) Fighting
 - Level 4.5(9.5) Throwing
 - Level 8.5(13.5) Dodging
 - Level 1.1(6.1) Stealth
 + Level 9.0(14.0) Unarmed Combat
 * Level 3.8 Invocations
 + Level 5.3 Evocations


You had 9 spell levels left.
You didn't know any spells.

Dungeon Overview and Level Annotations

Branches:
Dungeon (9/15)             Temple (1/1) D:6            Lair (4/8) D:9
 Shoals (0/5) Lair:3
    Orc: D:9-12       Swamp: Lair:3-6     Snake: Lair:3-6    Spider: Lair:3-6

Altars:
Ashenzari
Cheibriados
Dithmenos
Gozag
Kikubaaqudgha
Makhleb
Nemelex Xobeh
Okawaru
Qazlal
Sif Muna
Trog
Vehumet
Xom
Yredelemnul
The Shining One


Innate Abilities, Weirdness & Mutations

You are too large for most types of armour.
You have claws for hands.
Your metabolism is lightning-fast.
You like to eat raw meat.
You heal very quickly.
You can eat rotten meat.
You are covered in fur (AC +1).
You have very tough skin (AC +2).


Message History

Drink which item? (? for menu, Esc to quit)
Okay, then.
Unknown command.
Read which item? (? for menu, Esc to quit)
Okay, then.
Unknown command.
Use which ability? (? or * to list)
You gain the combat prowess of a mighty hero.
You feel slightly more hungry. The black mamba bites you.
* * * LOW HITPOINT WARNING * * *
The black mamba completely misses you.
You claw the black mamba!
The black mamba begins to bleed from its wounds!
The black mamba is moderately wounded.
The black mamba bites you!
* * * LOW HITPOINT WARNING * * *
You scratch the black mamba.
The black mamba is moderately wounded.
The black mamba bites you!
You die...

... .....#...
...........
...........
..##....P.>....
........P......
((.............
.....(...........
....P..S@........
...(P....#.......
........P .....
..(....... ....
........P.. ...
.......#... .
.#.........
........# ...


You could see a black mamba (bleeding).

Vanquished Creatures
  Joseph (D:7)
  2 spiny frogs (Lair:3)
  Grinder (D:4)
  A hill giant zombie (D:8)
  20 yaks
  Menkaure (D:4)
  3 ice beasts
  4 water moccasins
  A porcupine (Lair:3)
  2 black bears
  2 centaurs
  An ogre (D:5)
  5 crocodiles
  3 giant frogs
  A giant slug (Lair:2)
  A hippogriff zombie (D:6)
  A scorpion (D:6)
  2 crimson imps
  A goliath beetle (D:6)
  2 quasits
  3 hounds
  An iguana (Lair:1)
  3 jellies
  Natasha (D:4)
  5 adders
  23 green rats
  A worm zombie (D:5)
  2 shadow imps
  An orc skeleton (D:9)
  An adder skeleton (D:7)
  2 giant geckos (D:2)
  An ooze (D:1)
  A ball python (D:6)
  2 giant cockroaches
  2 goblins
  6 hobgoblins
  6 jackals
  5 kobolds
  7 bats
  A giant newt (D:1)
  2 hobgoblin zombies
  9 rats
140 creatures vanquished.

Notes
Turn   | Place    | Note
--------------------------------------------------------------
     0 | D:1      | PlasticSurgery, the Troll Monk, began the quest for the Orb.
     0 | D:1      | Reached XP level 1. HP: 22/22 MP: 1/1
   199 | D:2      | Reached XP level 2. HP: 15/29 MP: 1/1
   348 | D:2      | Found an opulent altar of Gozag.
   442 | D:3      | Reached skill level 1 in Throwing
   467 | D:4      | Noticed Natasha
   472 | D:4      | Killed Natasha
   472 | D:4      | Reached XP level 3. HP: 29/36 MP: 2/2
   519 | D:4      | Noticed an ice beast
   529 | D:4      | Killed an ice beast
   529 | D:4      | Reached XP level 4. HP: 44/44 MP: 2/2
   529 | D:4      | Reached XP level 5. HP: 50/50 MP: 2/2
   538 | D:4      | Noticed Grinder
   593 | D:4      | Killed Grinder
   593 | D:4      | Reached XP level 6. HP: 59/59 MP: 3/3
   641 | D:4      | Noticed Menkaure
   647 | D:4      | Killed Menkaure
   647 | D:4      | Reached skill level 5 in Unarmed Combat
   678 | D:4      | Noticed a water moccasin
   685 | D:4      | Killed a water moccasin
   685 | D:4      | Reached XP level 7. HP: 45/66 MP: 3/3
   810 | D:5      | Entered Level 5 of the Dungeon
   936 | D:5      | Reached skill level 5 in Dodging
  1311 | D:6      | Got an ancient hand axe
  1396 | D:6      | Found a staircase to the Ecumenical Temple.
  1402 | D:6      | Reached skill level 6 in Unarmed Combat
  1402 | D:6      | Reached XP level 8. HP: 72/74 MP: 3/3
  1438 | Temple   | Entered the Ecumenical Temple
  1482 | Temple   | Became a worshipper of Warmaster Okawaru
  1482 | Temple   | Acquired Okawaru's first power
  1637 | D:7      | Found a shadowy altar of Dithmenos.
  1720 | D:7      | Noticed Joseph
  1737 | D:7      | Killed Joseph
  1737 | D:7      | Reached skill level 7 in Dodging
  1894 | D:8      | Reached XP level 9. HP: 62/80 MP: 4/4
  2027 | D:9      | Reached skill level 1 in Evocations
  2031 | D:9      | Found a staircase to the Lair.
  2048 | Lair:1   | Entered Level 1 of the Lair of Beasts
  2077 | Lair:1   | Reached skill level 8 in Dodging
  2106 | Lair:2   | Found a basalt altar of Yredelemnul.
  2494 | Lair:3   | Reached XP level 10. HP: 87/91 MP: 11/11
  2521 | Lair:3   | Noticed a spiny frog
  2529 | Lair:3   | Killed a spiny frog
  2549 | Lair:3   | Found a staircase to the Shoals.
  2563 | Lair:3   | Acquired Okawaru's second power
  2616 | Lair:3   | Reached skill level 1 in Invocations
  2655 | Lair:3   | HP: 2/92 [yak (7)]
  2686 | Lair:3   | HP: 4/93 [yak (12)]
  2693 | Lair:3   | Reached skill level 5 in Evocations
  2790 | Lair:3   | Received a gift from Okawaru
  2947 | Lair:3   | Reached skill level 5 in Fighting
  3014 | Lair:3   | Reached skill level 9 in Unarmed Combat
  3051 | Lair:4   | Noticed a black mamba
  3066 | Lair:4   | Mangled by a black mamba

Action                   |  1- 3 |  4- 6 |  7- 9 | 10-12 || total
-------------------------+-------+-------+-------+-------++-------
Melee: Unarmed           |    46 |    12 |   276 |   119 ||   453
Throw: Large rock        |     7 |    10 |    47 |    18 ||    82
Invok: Heroism           |       |       |     1 |     3 ||     4
  Use: Potion            |       |       |       |     1 ||     1
 Stab: Sleeping          |     1 |       |     2 |       ||     3
